 Dungeon Crawl Stone Soup version 0.30.0-18-gc0e69614cb (webtiles) character file.

Game seed: 15712739208703012087

5712 AlmostDecent the Geomancer (level 10, 0/53 HPs)
             Began as a Gargoyle Earth Elementalist on May 23, 2023.
             Was a Believer of Vehumet.
             Slain by an unseen horror (8 damage)
             ... on level 10 of the Dungeon.
             The game lasted 00:44:47 (8884 turns).

AlmostDecent the Geomancer (GrEE)                   Turns: 8884, Time: 00:44:47

Health: 0/53       AC: 17    Str: 12    XL:     10   Next: 76%
Magic:  24/24      EV: 18    Int: 31    God:    Vehumet [**....]
Gold:   470        SH:  0    Dex: 14    Spells: 19/30 levels left

rFire   . . .        a - staff of earth
rCold   . . .        (no shield)
rNeg    + . .        n - +2 robe {Archmagi}
rPois   ∞            O - +0 helmet
rElec   +            x - +0 cloak
rCorr   .            J - +2 pair of gloves
SInv    .            w - +0 pair of boots
Will    .....        C - amulet of magic regeneration
Stlth   ++           D - +6 ring of intelligence
HPRegen 0.28/turn    p - ring of Lesser Demons {EV+5 Int+5 Dex+4}
MPRegen 0.59/turn

%: archmagi
@: no status effects
A: sickness immunity, AC +7, negative energy resistance 1, electricity
resistance, torment resistance 1, petrification resistance
a: Renounce Religion


You were on level 10 of the Dungeon.
You worshipped Vehumet.
Vehumet was pleased with you.
You visited 2 branches of the dungeon, and saw 11 of its levels.

You collected 565 gold pieces.
You spent 95 gold pieces at shops.

Inventory:

Hand Weapons
 l - a +2 sling of freezing
 B - a +1 mace of protection
 H - a +3 flail of freezing
Missiles
 K - 4 boomerangs of dispersal
Armour
 c - a +0 buckler
 n - a +2 robe of the Archmagi (worn)
 r - an orb of energy
 w - a +0 pair of boots (worn)
 x - a +0 cloak (worn)
 J - a +2 pair of gloves (worn)
 O - a +0 helmet (worn)
Magical Staves
 a - a staff of earth (weapon)
Jewellery
 p - the ring of Lesser Demons (right hand) {EV+5 Int+5 Dex+4}
   (You acquired it on level 8 of the Dungeon)

   [ring of evasion]

   EV:        It affects your evasion (+5).
   Int:       It affects your intelligence (+5).
   Dex:       It affects your dexterity (+4).
 v - a +6 ring of strength
 C - an amulet of magic regeneration (around neck)
 D - a +6 ring of intelligence (left hand)
 F - an amulet of reflection
Wands
 o - a wand of flame (28)
 t - a wand of charming (25)
Scrolls
 d - a scroll of fear
 e - 2 scrolls of fog
 h - 2 scrolls of teleportation
 i - 2 scrolls of amnesia
 k - 2 scrolls of magic mapping
 s - 2 scrolls of enchant armour {unknown}
 u - 2 scrolls of enchant weapon {unknown}
 y - 2 scrolls of immolation {unknown}
 A - a scroll of torment {unknown}
 E - a scroll of noise {unknown}
 G - a scroll of summoning {unknown}
 L - a scroll of poison {unknown}
 M - 3 scrolls of identify
 N - a scroll of vulnerability {unknown}
Potions
 b - a potion of magic
 f - a potion of lignification
 j - a potion of resistance
 m - 2 potions of flight {unknown}
 q - a potion of might
 z - a potion of mutation
 I - 4 potions of haste


   Skills:
 + Level 2.0 Fighting
 + Level 0.2 Staves
 + Level 3.1 Dodging
 + Level 3.1 Stealth
 + Level 0.3 Shields
 * Level 10.5 Spellcasting
 + Level 0.1 Conjurations
 + Level 0.7 Transmutations
 * Level 12.6 Earth Magic


You had 19 spell levels left.
You knew the following spells:

 Your Spells              Type           Power      Damage    Failure   Level
a - Sandblast             Erth           100%       2d20      1%          1
b - Stone Arrow           Conj/Erth      100%       3d13      1%          3
c - Petrify               Tmut/Erth      92%        N/A       1%          4
d - Summon Guardian Gole  Hex/Summ       24%        N/A       10%         3

Your spell library contained the following spells:

 Spells                   Type           Power      Damage    Failure   Level
 Frozen Ramparts          Ice            48%        1d8       10%         3
 Passwall                 Tmut/Erth      76%        N/A       1%          2
 Beastly Appendage        Tmut           62%        N/A       2%          1
 Apportation              Tloc           48%        N/A       3%          1
 Necrotise                Necr           96%        1d8       3%          1
 Summon Small Mammal      Summ           96%        N/A       3%          1
 Wereblood                Tmut           31%        N/A       3%          2
 Poisonous Vapours        Pois/Air       48%        N/A       4%          2
 Spider Form              Tmut/Pois      27%        N/A       9%          3
 Call Canine Familiar     Summ           24%        N/A       10%         3
 Gell's Gravitas          Tloc           24%        N/A       10%         3
 Inner Flame              Hex/Fire       24%        N/A       10%         3
 Teleport Other           Tloc           24%        N/A       10%         3
 Ice Form                 Ice/Tmut       27%        N/A       26%         4
 Cause Fear               Hex            12%        N/A       30%         4
 Flame Wave               Conj/Fire      25%        2d8       30%         4
 Sticky Flame             Conj/Fire      25%        2d5       30%         4
 Summon Ice Beast         Ice/Summ       24%        N/A       30%         4
 Dispersal                Tloc           12%        N/A       99%         6
 Dragon Form              Tmut           15%        N/A       100%        7
 Dragon's Call            Summ           12%        N/A       100%        9
 Polar Vortex             Ice            12%        N/A       100%        9


Dungeon Overview and Level Annotations

Branches:
Dungeon (10/15)            Temple (1/1) D:5            Lair (0/5) D:9
    Orc (0/2) D:9

Altars:
Cheibriados
Dithmenos
Elyvilon
Fedhas
Gozag
Hepliaklqana
Kikubaaqudgha
Makhleb
Nemelex Xobeh
Okawaru
Qazlal
Ru
Trog
Uskayaw
Vehumet
Wu Jian
Xom
Yredelemnul
Zin
The Shining One

Shops:
D:3 [!**   D:5 (   D:7 :   D:9 *

Annotations:
D:3 Eustachio
D:9 dolemite99's ghost, novice DrTm


Innate Abilities, Weirdness & Mutations

You are immune to sickness and miasma.
Your stone body is resilient. (AC +7)
You are immune to poison.
You resist negative energy. (rN+)
You are resistant to electric shocks. (rElec)
You are resistant to unholy torment.
You are immune to petrification.


Message History

Memorise Frozen Ramparts, consuming 3 spell levels and leaving 16?
Something hits you but does no damage.
Your memorisation is interrupted.
Something closely misses you.
You are too injured to fight recklessly!
Casting: Sandblast (safe; 1% risk of failure)
Confirm with . or Enter, or press ? or * to list all spells.
Aiming: Sandblast (safe; 1% risk of failure)
Press: ? - help, Shift-Dir - straight line, f - kobold brigand
Aim: a kobold brigand, wielding a +2 dagger of venom and quivering poisoned darts (82% to hit)
You feel a strong surge of power!
The blast of sand hits something but does no damage.
The vampire mosquito buzzes angrily.
You hear a shout!
Something hits you!
* * * LOW HITPOINT WARNING * * *
Something hits you but does no damage.
The kobold brigand throws a poisoned dart.
Something hits you but does no damage.
Casting: Sandblast (safe; 1% risk of failure)
Confirm with . or Enter, or press ? or * to list all spells.
Aiming: Sandblast (safe; 1% risk of failure)
Press: ? - help, Shift-Dir - straight line, f/p - kobold brigand
Aim: a kobold brigand, wielding a +2 dagger of venom and quivering poisoned darts (82% to hit)
You feel a strong surge of power!
The blast of sand hits the kobold brigand!
The kobold brigand is moderately wounded.
Something hits you.
* * * LOW HITPOINT WARNING * * *
Something hits you.
* * * LOW HITPOINT WARNING * * *
Something barely misses you.
The kobold brigand throws a poisoned dart.
The poisoned dart hits you!
Okay, then.
Okay, then.
Okay, then.
Blink to where?
Press: ? - help, Dir - move target, p - kobold brigand
As you read the scroll of blinking, it crumbles to dust.
Something hits you!
You die...

#.# #.....y.......###
##.######.#..##...#.....## .
...<...........y.y........ ...
##.##(.........K#.#...........
.......##.#.....#K#.####......
................#K#######..##.
........#.......#{# #.>......
........#.......#.####........
................@.......##....
.......##.........###.### ...
).#### #.........# #.# . #)##
#........## #.# #..#
##........# #.# ##.##
##.....#...# #.# #).#
#......#..## ##.#
##.###.#.......####..#
#.)...#............##


You could see 2 vampire mosquitoes, a kobold brigand and 2 kobolds.

Vanquished Creatures
  Prince Ribbit (D:6)
  A hornet (D:7)
  A shadow (D:9)
  Sigmund (D:2)
  6 yaks (D:9)
  A wyvern (D:9)
  3 vampire mosquitoes (D:10)
  An acid dragon (D:8)
  2 water moccasins
  2 orc warriors (D:8)
  A sky beast (D:7)
  A black bear (D:5)
  2 ogres
  A kobold brigand (D:9)
  A phantom (D:5)
  2 bullfrogs (D:9)
  3 scorpions
  5 wights (D:7)
  20 killer bees
  6 howler monkeys
  A crimson imp (D:6)
  5 orc priests
  3 hounds
  2 sleepcaps
  Ijyb (D:3)
  3 iguanas
  9 orc wizards
  7 gnolls
  3 adders
  A shadow imp (D:8)
  A white imp (D:6)
  3 dart slugs
  27 orcs
  3 bats
  8 endoplasms
  4 giant cockroaches
  15 goblins
  5 hobgoblins
  7 jackals
  7 ball pythons
  3 frilled lizards
  9 kobolds
  4 rats
192 creatures vanquished.

Vanquished Creatures (others)
  A human (D:7)
1 creature vanquished.

Grand Total: 193 creatures vanquished

Notes
Turn   | Place    | Note
-------+----------+-------------------------------------------
     0 | D:1      | AlmostDecent the Gargoyle Earth Elementalist began the
                  | quest for the Orb.
     0 | D:1      | Reached XP level 1. HP: 10/10 MP: 3/3
   158 | D:1      | Reached skill level 4 in Earth Magic
   158 | D:1      | Reached XP level 2. HP: 15/15 MP: 3/5
   577 | D:1      | Found an ancient bone altar of Kikubaaqudgha.
   988 | D:2      | Reached XP level 3. HP: 19/19 MP: 3/6
  1261 | D:2      | Noticed Sigmund
  1365 | D:1      | Learned a level 3 spell: Stone Arrow
  1550 | D:2      | Killed Sigmund
  1551 | D:2      | Reached skill level 5 in Earth Magic
  1551 | D:2      | Reached XP level 4. HP: 24/24 MP: 6/10
  1551 | D:2      | Reached XP level 5. HP: 28/28 MP: 6/11
  1778 | D:3      | Found Eruoqyn's Distillery.
  1804 | D:3      | Bought a potion of heal wounds for 55 gold pieces
  1811 | D:3      | Found Tahuagg's Assorted Antiques.
  1891 | D:3      | Reached XP level 6. HP: 32/32 MP: 10/12
  2002 | D:3      | Found Voiz's Assorted Antiques.
  2011 | D:3      | Reached skill level 6 in Earth Magic
  2081 | D:3      | Found Liomuseo's Antique Armour Boutique.
  2109 | D:3      | Bought a scroll labelled QEIROTS NEGEJ for 20 gold pieces
  2109 | D:3      | Bought a scroll labelled LEORECR FUYSAGH for 20 gold pieces
  2212 | D:3      | Found a burning altar of Makhleb.
  2315 | D:3      | Noticed Ijyb
  2343 | D:3      | Killed Ijyb
  3034 | D:4      | Noticed Eustachio
  3077 | D:3      | Learned a level 4 spell: Petrify
  3613 | D:4      | Reached skill level 5 in Spellcasting
  3613 | D:4      | Reached XP level 7. HP: 36/36 MP: 10/14
  3920 | D:5      | Entered Level 5 of the Dungeon
  4013 | D:5      | Reached skill level 7 in Earth Magic
  4199 | D:5      | Reached XP level 8. HP: 35/41 MP: 9/17
  4270 | D:5      | Found a staircase to the Ecumenical Temple.
  4276 | Temple   | Entered the Ecumenical Temple
  4373 | Temple   | Became a worshipper of Vehumet
  4504 | D:5      | Reached skill level 8 in Earth Magic
  4845 | D:5      | Found Edoycor's Weapon Boutique.
  5344 | D:5      | Learned a level 3 spell: Summon Guardian Golem
  5406 | D:6      | Noticed Prince Ribbit
  5411 | D:6      | Killed Prince Ribbit
  5412 | D:6      | Reached skill level 9 in Earth Magic
  6032 | D:7      | Found a stormy altar of Qazlal.
  6078 | D:7      | Reached XP level 9. HP: 45/45 MP: 20/20
  6130 | D:7      | Noticed a hornet
  6137 | D:7      | Killed a hornet
  6138 | D:7      | Reached skill level 10 in Earth Magic
  6211 | D:7      | Got the Treatise on the Numb Adder
  6238 | D:7      | Reached skill level 1 in Fighting
  6240 | D:7      | Reached * piety under Vehumet
  6240 | D:7      | Offered knowledge of Kiss of Death by Vehumet.
  6378 | D:7      | Identified a scroll of acquirement
  6378 | D:7      | Acquired a staff of earth
  6526 | D:7      | Found an ancient bone altar of Kikubaaqudgha.
  6698 | D:7      | Found Anteax's Book Shop.
  7171 | D:8      | Acquired the ring of Lesser Demons {EV+5 Int+5 Dex+4}
  7495 | D:8      | Reached skill level 11 in Earth Magic
  7672 | D:9      | Reached XP level 10. HP: 40/53 MP: 23/23
  7770 | D:9      | Offered knowledge of Momentum Strike by Vehumet.
  7772 | D:9      | Reached ** piety under Vehumet
  7809 | D:9      | Found a staircase to the Orcish Mines.
  7887 | D:9      | Reached skill level 12 in Earth Magic
  7893 | D:9      | Reached skill level 10 in Spellcasting
  8060 | D:9      | Found Nickez's CLEARANCE SALE!.
  8091 | D:9      | Noticed a death yak
  8096 | D:9      | Noticed a death yak
  8323 | D:9      | Upgraded the game from 0.30.0-17-ge0270778cf to
                  | 0.30.0-18-gc0e69614cb
  8535 | D:9      | Noticed dolemite99's ghost (novice DrTm)
  8573 | D:9      | Noticed a death yak
  8614 | D:9      | Found a staircase to the Lair.
  8614 | D:9      | Noticed a death yak
  8614 | D:9      | Noticed a death yak
  8614 | D:9      | Noticed a death yak
  8685 | D:10     | Entered Level 10 of the Dungeon
  8871 | D:10     | Offered knowledge of Frozen Ramparts by Vehumet.
  8884 | D:10     | Slain by an unseen horror

Illustrated notes

Levels and vault maps discovered:
D:1:      dpeg_arrival_water_altar, layout_rooms, serial_rivers,
          chequers_serial_rivers_room_a, chequers_serial_rivers_micro_a,
          chequers_serial_rivers_small_b, chequers_serial_rivers_micro_d,
          chequers_serial_rivers_small_3, hex_medium, serial_bayou_crossing
D:2:      layout_rooms, serial_bayou_lagoon_a, serial_park_tiny_pond,
          minmay_fractal_squares_gapless_5, uniq_sigmund
D:3:      kennysheep_goblin_castle, layout_basic, lemuel_coloured_pillars_altar,
          serial_shops, nicolae_shop_advertising_works
          [nicolae_subvault_shop_adworks], nicolae_shop_overgrown_old_shop,
          nicolae_shop_pleasant_corner_grove, shop, minmay_quadrilaterals
D:4:      layout_basic, minmay_bisected, uniq_eustachio
D:5:      layout_basic, minmay_temple_entry_glassed_door, serial_shops,
          nicolae_shop_temple_entry_statues_fountains, minmay_misc_feat_plants
D:6:      layout_gridville, minmay_fire_ice_demons, uniq_prince_ribbit1
D:7:      layout_cave_pods, nicolae_overflow_crystal_walls, tgw_kikubaaqudgha,
          serial_shops, nicolae_shop_behind_doors
D:8:      layout_basic, corexii_leaking_fountain
D:9:      layout_big_octagon, dpeg_lair_monsters, david_orc_3,
          gammafunk_ghost_hive, hangedman_decor_growths, nicolae_shop_clearance
D:10:     layout_rooms, jmf_multi_god_temple
Temple:   minmay_temple_bridge_d

Skill      XL: |  1  2  3  4  5  6  7  8  9 10 |
---------------+-------------------------------+-----
Earth Magic    | 4 5 6 7 9 11 12 | 12.6
Spellcasting   | 4 5 6 7 9 10 | 10.5
Dodging        | 2 3 |  3.1
Fighting       | 1 2 |  2.0
Stealth        | 3 |  3.1
Staves         | |  0.2
Shields        | |  0.3
Conjurations   | |  0.1
Transmutations | |  0.7

Action                     |  1- 3 |  4- 6 |  7- 9 | 10-12 || total
---------------------------+-------+-------+-------+-------++-------
  Melee: Mace              |     8 |     8 |    10 |       ||    26
         Staff             |       |       |       |    11 ||    11
   Cast: Sandblast         |    45 |    79 |   140 |    91 ||   355
         Stone Arrow       |     2 |     1 |       |     8 ||    11
    Use: Scroll            |       |     1 |    14 |     6 ||    21
         Potion            |       |     1 |     2 |     3 ||     6
 Armour: Robe              |    10 |    33 |    64 |    36 ||   143
  Dodge: Dodged            |    19 |    51 |   103 |    68 ||   241
  Block: Buckler           |     2 |       |       |       ||     2
